 Dungeon Crawl Stone Soup version 0.31-a0-370-g25055926c8 (webtiles) character file.

Game seed: 16627960198676827385

26051 Conn the Thaumaturge (level 13, -5/114 HPs)
             Began as an Octopode Fire Elementalist on July 29, 2023.
             Was an Elder of Sif Muna.
             Slain by a sun demon (8 damage)
             ... summoned by an obsidian statue
             ... in a Gauntlet.
             The game lasted 01:01:29 (19531 turns).

Conn the Thaumaturge (Octopode Fire Elementalist)  Turns: 19531, Time: 01:01:34

Health: -5/114     AC: 26    Str: 13    XL:     13   Next: 23%
Magic:  34/35      EV:  2    Int: 28    God:    Sif Muna [****..]
Gold:   912        SH: 13    Dex: 13    Spells: 17/37 levels left

rFire   . . .        K - +6 Majin-Bo {spellvamp, MP+6 Int+6}
rCold   . . .        h - +3 buckler
rNeg    . . .        l - melded +0 hat of Ravige {rPois}
rPois   +            c - amulet of reflection
rElec   .            g - +6 ring of strength
rCorr   .            (no ring)
SInv    .            (no ring)
Will    .....        (no ring)
Stlth   +++          (no ring)
HPRegen 0.39/turn    (no ring)
MPRegen 0.24/turn    (no ring)
                     (no ring)

%: no teleportation, reflection
@: tree-form, hasted, very quick
A: stationary, stasis, torment immunity, boosted hp, almost no armour,
(amphibious), 8 rings, (camouflage 1), (gelatinous body 1), (nimble swimmer 1),
(tentacles)
a: Renounce Religion, Channel Magic, Forget Spell, Divine Exegesis


You were in a Gauntlet.
You worshipped Sif Muna.
Sif Muna was greatly pleased with you.
You were a tree.
You visited 2 branches of the dungeon, and saw 14 of its levels.
You also visited: Sewer, Ossuary, Bailey and Gauntlet.

You collected 912 gold pieces.

Inventory:

Hand Weapons
 a - a +3 dagger of protection
 d - a +3 dagger of draining
 K - the +6 Majin-Bo (weapon) {spellvamp, MP+6 Int+6}
   (You found it in a Gauntlet)

   Int:       It affects your intelligence (+6).
   MP:        It affects your magic capacity (+6).
Missiles
 C - a curare-tipped dart (quivered)
 D - 9 throwing nets
Armour
 h - a +3 buckler (worn)
 l - the +0 hat of Ravige (melded) {rPois}
   (You acquired it in a bailey)

   rPois:     It protects you from poison.
 x - an orb of energy
Magical Staves
 b - a staff of conjuration
 p - a staff of fire
Jewellery
 c - an amulet of reflection (around neck)
 g - a +6 ring of strength (left branch)
 H - an amulet of faith
 I - the ring of Voiry {rC+ Int+6}
   (You found it in a Gauntlet)

   [ring of protection from cold]

   Int:       It affects your intelligence (+6).
   rC:        It protects you from cold.
 J - a +6 ring of strength
 L - an amulet of guardian spirit
Wands
 z - a wand of polymorph (1)
 A - a wand of digging (1)
 E - a wand of charming (3)
Scrolls
 j - 2 scrolls of immolation
 k - 4 scrolls of teleportation
 s - 7 scrolls of revelation
 t - 2 scrolls of enchant armour
 u - 6 scrolls of fog
 y - a scroll of poison
 B - a scroll of amnesia
 G - 4 scrolls of identify
Potions
 e - 2 potions of haste
 f - 2 potions of degeneration
 m - 3 potions of mutation
 o - a potion of curing
 r - 4 potions of brilliance
 w - a potion of enlightenment
 F - a potion of magic
Miscellaneous
 i - a condenser vane
 q - a lightning rod (3/4)


   Skills:
 + Level 2.7 Fighting
 + Level 1.1 Short Blades
 + Level 0.9 Throwing
 + Level 3.8 Dodging
 + Level 5.5 Stealth
 + Level 5.6 Shields
 + Level 12.5 Spellcasting
 * Level 8.3 Conjurations
 + Level 2.1 Hexes
 + Level 4.0 Summonings
 - Level 5.0 Translocations
 + Level 9.8 Fire Magic
 * Level 7.0 Invocations


You had 17 spell levels left.
You knew the following spells:

 Your Spells              Type           Power      Damage    Failure   Level
a - Foxfire               Conj/Fire      100%       2x1d9     1%          1
b - Scorch                Fire           100%       2d9       1%          2
c - Inner Flame           Hex/Fire       50%        N/A       1%          3
d - Flame Wave            Conj/Fire      62%        2d14      1%          4
e - Blink                 Tloc           90%        N/A       1%          2
f - Slow                  Hex            100%       N/A       1%          1
g - Call Canine Familiar  Summ           39%        N/A       2%          3
h - Summon Ice Beast      Ice/Summ       28%        N/A       19%         4

Your spell library contained the following spells:

 Spells                   Type           Power      Damage    Failure   Level
 Kiss of Death            Conj/Necr      100%       2d13      1%          1
 Lesser Beckoning         Tloc           90%        N/A       1%          2
 Momentum Strike          Conj/Tloc      100%       3d10      1%          2
 Dazzling Flash           Conj/Hex       92%        N/A       1%          3
 Volatile Blastmotes      Fire/Tloc      100%       2d18      1%          3
 Portal Projectile        Hex/Tloc       74%        N/A       2%          3
 Ensorcelled Hibernation  Hex/Ice        46%        N/A       4%          2
 Confusing Touch          Hex            29%        N/A       4%          3
 Manifold Assault         Tloc           45%        N/A       5%          4
 Vampiric Draining        Necr           17%        2d7       12%         3
 Summon Forest            Summ/Tloc      21%        N/A       19%         5
 Dispel Undead            Necr           17%        3d10      38%         4


Dungeon Overview and Level Annotations

Branches:
Dungeon (9/15)             Temple (0/1) D:5            Lair (5/5) D:9
  Swamp (0/4) Lair:2        Snake (0/4) Lair:2        Slime (0/5) Lair:5
    Orc (0/2) D:9           Sewer (visited)         Ossuary (visited)
 Bailey (visited)         Gauntlet (1/1)

Altars:
Dithmenos
Fedhas
Gozag
Nemelex Xobeh
Okawaru
Sif Muna
Trog
Wu Jian
Yredelemnul
Lugonu

Shops:
D:3 [   D:5 :   D:6 *

Portals:
Abyss: D:7

Annotations:
Gauntlet 11 transporters, exclusion: obsidian statue


Innate Abilities, Weirdness & Mutations

You are a tree.
Your roots penetrate the ground, keeping you stationary.
You cannot be teleported.
You are immune to unholy pain and torment.
Your maximum health is greatly increased.
You cannot wear most types of armour.
((You are amphibious.))
You can wear up to eight rings at the same time.
((Your skin changes colour to match your surroundings (Stealth+).))
((Your rubbery body absorbs attacks. (AC +1, EV +1)))
((You are camouflaged when in or above water. (Stealth+)))
((You have tentacles for arms and can constrict up to eight enemies at once.))


Message History

The obsidian statue is heavily damaged.
The sun demon hits you but does no damage.
The obsidian statue's eyes glow briefly.
The obsidian statue attempts to bespell you!
You resist with some effort.
Your ice beast hits the sun demon but does no damage.
You thump the obsidian statue!
The obsidian statue is severely damaged.
The sun demon hits your ice beast!!
Your ice beast is engulfed in flames!
Your ice beast melts!
Your ice beast dies!
Your ice beast disappears in a puff of smoke!
You sock the obsidian statue!
The obsidian statue is almost destroyed.
You block the sun demon's attack.
You hit the obsidian statue.
The obsidian statue is almost destroyed.
The sun demon hits you!
You are engulfed in flames!
* * * LOW HITPOINT WARNING * * *
You hit the obsidian statue.
The obsidian statue is almost destroyed.
The obsidian statue's eyes glow briefly.
The obsidian statue attempts to bespell you!
You resist with some effort.
The sun demon hits you but does no damage.
You hit the obsidian statue.
The obsidian statue is almost destroyed.
The sun demon hits you!
* * * LOW HITPOINT WARNING * * *
You are engulfed in flames!
* * * LOW HITPOINT WARNING * * *
The obsidian statue's eyes glow briefly.
Aiming: Thunderbolt
Press: ? - help, Shift-Dir - straight line, f - obsidian statue
Aim: an obsidian statue (almost destroyed)
The thunderbolt hits the obsidian statue.
The obsidian statue resists.
The obsidian statue is almost destroyed.
The sun demon hits you!
You die...

≈≈≈#........©#......#8#
####.#############..###
#..#.#.#..##....^#..#
...#.#.#.##.###^.#..#
..4#.#.#.#.##.##.#..#####
..5#.#.#.#.#.#.#.#..#≈8≈#
..2#©#.#.#.#©#.#.#..#...#
##5###.#.#.#.#.#3####.8.#
..##...#.##.##.#♣#©.....##.
...#...#.^###.##8####.8....
../#...#^....##3##..#...#
####...###########..#.8.#
.....§.............≈#...##.
....§8≈..........§.∩#.8....
.....≈.............≈#...##.
####...###########..#.8.#
...#...#.../©==..#..#...#


You could see an obsidian statue, a sun demon (summoned) and a smoke demon
(summoned).

Vanquished Creatures
  An orc warlord (Bailey)
  Harold (D:9)
  A hydra (Lair:2)
  A boulder beetle (Lair:2)
  A two-headed ogre (D:9)
  2 death yaks (Lair:4)
  A sixfirhy (Gauntlet)
  Pikel (D:9)
  A cyclops (D:7)
  8 elephants (Lair:3)
  2 black mambas
  8 cane toads
  5 komodo dragons
  2 trolls (D:7)
  A tyrant leech (Lair:2)
  A hornet (D:9)
  25 yaks
  3 wyverns
  A steam dragon (D:9)
  4 basilisks (Lair:3)
  Menkaure (D:7)
  3 wargs (D:9)
  A swamp worm (Lair:2)
  7 water moccasins
  7 orc warriors
  4 ice beasts
  An ogre (D:5)
  3 black bears
  7 wolves
  3 centaurs
  3 lemures (D:9)
  2 phantoms
  2 kobold brigands (D:7)
  4 gnoll sergeants
  11 bullfrogs
  4 scorpions
  5 wights
  21 killer bees
  2 vampire bats (Lair:4)
  2 howler monkeys (D:9)
  3 hounds
  6 jellies
  10 orc priests
  A sleepcap (D:6)
  Crazy Yiuf (D:5)
  2 gnoll boudas
  5 iguanas
  5 orc wizards
  7 hell rats (Lair:4)
  2 mummies (Ossuary)
  Robin (D:3)
  25 gnolls
  15 adders
  3 river rats (Sewer)
  A shadow imp (D:7)
  3 white imps
  2 ufetubi (Gauntlet)
  2 worms
  4 dart slugs
  36 orcs
  4 endoplasms
  6 giant cockroaches
  14 goblins
  11 hobgoblins
  4 jackals (D:5)
  3 quokkas
  26 ball pythons
  15 bats
  5 frilled lizards
  13 kobolds
  33 rats
  2 lurking horrors (D:7)
433 creatures vanquished.

Vanquished Creatures (collateral kills)
  5 foxfires
5 creatures vanquished.

Vanquished Creatures (others)
  1180 foxfires
1180 creatures vanquished.

Grand Total: 1618 creatures vanquished

Notes
Turn   | Place    | Note
-------+----------+-------------------------------------------
     0 | D:1      | Conn the Octopode Fire Elementalist began the quest for the
                  | Orb.
     0 | D:1      | Reached XP level 1. HP: 11/11 MP: 3/3
   251 | D:1      | Reached XP level 2. HP: 17/17 MP: 0/5
   374 | D:1      | Learned a level 2 spell: Scorch
   377 | D:1      | Learned a level 2 spell: Blink
   904 | D:2      | Reached skill level 1 in Translocations
   904 | D:2      | Reached XP level 3. HP: 21/21 MP: 1/6
  1094 | D:2      | Found a bloodstained altar of Trog.
  1158 | D:2      | Reached XP level 4. HP: 27/27 MP: 0/7
  1638 | D:3      | Found an opulent altar of Gozag.
  1641 | D:3      | Noticed Robin
  1677 | D:3      | Reached XP level 5. HP: 28/31 MP: 3/9
  1770 | D:3      | Killed Robin
  1914 | D:3      | Found Aqehid's Armour Shop.
  2287 | D:3      | Found a basalt altar of Yredelemnul.
  2291 | D:3      | Found a shimmering blue altar of Sif Muna.
  2295 | D:3      | Became a worshipper of Sif Muna the Loreminder
  2301 | D:3      | Found a shadowy altar of Dithmenos.
  2388 | D:3      | Reached skill level 3 in Spellcasting
  2391 | D:3      | Reached XP level 6. HP: 14/36 MP: 0/10
  2759 | D:4      | Found an iron altar of Okawaru.
  2942 | D:4      | Found a sand-covered staircase.
  2947 | Ossuary  | Entered an ossuary
  2966 | Ossuary  | HP: 1/36 [killer bee zombie (3)]
  3543 | D:5      | Entered Level 5 of the Dungeon
  3558 | D:5      | Found a staircase to the Ecumenical Temple.
  3571 | D:5      | Learned a level 3 spell: Inner Flame
  3699 | D:5      | Reached XP level 7. HP: 42/42 MP: 7/12
  3866 | D:5      | Found Ubroalef's Tremendous Tomes.
  3889 | D:5      | Reached skill level 4 in Spellcasting
  4223 | D:5      | Found a runed translucent door.
  4224 | D:5      | Noticed Crazy Yiuf
  4275 | D:5      | Learned a level 4 spell: Flame Wave
  4853 | D:5      | Killed Crazy Yiuf
  4959 | D:6      | Reached XP level 8. HP: 40/47 MP: 9/15
  5074 | D:6      | Reached * piety under Sif Muna
  5075 | D:6      | Reached skill level 5 in Spellcasting
  5078 | D:6      | Reached skill level 1 in Fighting
  5252 | D:6      | Found a glowing drain.
  5263 | Sewer    | Entered a sewer
  5408 | Sewer    | Reached skill level 5 in Fire Magic
  5617 | Sewer    | Reached ** piety under Sif Muna
  6391 | D:6      | Found Liwop's Overcharged Wands.
  6701 | D:7      | Noticed a cyclops
  6710 | D:7      | Killed a cyclops
  6711 | D:7      | Reached skill level 1 in Short Blades
  6711 | D:7      | Reached skill level 6 in Spellcasting
  6711 | D:7      | Reached XP level 9. HP: 53/53 MP: 1/18
  6896 | D:7      | Noticed a troll
  6899 | D:7      | Reached skill level 5 in Translocations
  6904 | D:7      | Killed a troll
  6918 | D:7      | Reached skill level 1 in Invocations
  6919 | D:7      | Reached *** piety under Sif Muna
  6921 | D:7      | Reached skill level 7 in Spellcasting
  7147 | D:7      | Noticed a troll
  7156 | D:7      | Killed a troll
  7157 | D:7      | Reached skill level 1 in Hexes
  7414 | D:7      | Noticed Menkaure
  7421 | D:7      | Killed Menkaure
  7502 | D:7      | Reached XP level 10. HP: 59/59 MP: 10/21
  7620 | D:7      | Reached skill level 5 in Conjurations
  7816 | D:7      | Reached skill level 8 in Spellcasting
  8021 | D:7      | Found a one-way gate to the infinite horrors of the Abyss.
  8022 | D:7      | Found a corrupted altar of Lugonu.
  8139 | D:7      | Found a sparkling altar of Nemelex Xobeh.
  8388 | D:8      | Reached skill level 5 in Stealth
  8527 | D:8      | Reached skill level 1 in Shields
  8836 | D:8      | Reached **** piety under Sif Muna
  9154 | D:8      | Learned a level 1 spell: Slow
  9750 | D:8      | Reached skill level 9 in Spellcasting
  9933 | D:8      | Found an ornate altar of the Wu Jian Council.
  9933 | D:8      | Found a blossoming altar of Fedhas.
 10018 | D:9      | Reached XP level 11. HP: 61/64 MP: 10/24
 10156 | D:9      | Found a staircase to the Lair.
 10178 | D:9      | Noticed a two-headed ogre
 10188 | D:9      | Killed a two-headed ogre
 10304 | D:9      | Found a staircase to the Orcish Mines.
 10318 | D:9      | Reached skill level 5 in Invocations
 10318 | D:9      | Noticed Harold
 10369 | D:9      | Killed Harold
 10521 | D:9      | Found a flagged portal.
 10528 | Bailey   | Entered a bailey
 10673 | Bailey   | Noticed an orc warlord
 11612 | Bailey   | Found a runed translucent gate.
 11625 | Bailey   | Found a runed translucent gate.
 11627 | Bailey   | Found a runed translucent gate.
 11678 | Bailey   | Killed an orc warlord
 11679 | Bailey   | Reached skill level 10 in Spellcasting
 11857 | Bailey   | Acquired the +0 hat of Ravige {rPois}
 12314 | D:9      | Noticed Pikel
 12322 | D:9      | Killed Pikel
 12322 | D:9      | Reached ***** piety under Sif Muna
 12820 | Lair:1   | Entered Level 1 of the Lair of Beasts
 13097 | Lair:1   | Received a gift from Sif Muna
 13122 | Lair:1   | Got Sif Muna's Papyrus of Hindering Accompaniment {god
                  | gift}
 13128 | Lair:1   | Learned a level 3 spell: Call Canine Familiar
 13133 | Lair:1   | Learned a level 4 spell: Summon Ice Beast
 13405 | Lair:1   | Reached skill level 1 in Summonings
 13729 | Lair:2   | Noticed a boulder beetle
 13752 | Lair:2   | Killed a boulder beetle
 13753 | Lair:2   | Reached XP level 12. HP: 42/70 MP: 9/26
 14311 | Lair:2   | Reached skill level 11 in Spellcasting
 14438 | Lair:2   | Found a staircase to the Snake Pit.
 14709 | Lair:2   | Noticed a seven-headed hydra
 14722 | Lair:2   | Killed a seven-headed hydra
 14856 | Lair:2   | Found a staircase to the Swamp.
 15195 | Lair:3   | Reached skill level 5 in Shields
 16020 | Lair:3   | Identified the +4 pair of gloves of Wovifom {Contam
                  | *Corrode rElec Will+++}
 16029 | Lair:3   | Reached skill level 12 in Spellcasting
 16750 | Lair:4   | Reached XP level 13. HP: 52/71 MP: 15/29
 18083 | Lair:5   | Entered Level 5 of the Lair of Beasts
 18125 | Lair:5   | Found a gate leading to a gauntlet.
 18134 | Gauntlet | Entered a Gauntlet
 18134 | Gauntlet | Found a transporter.
 18134 | Gauntlet | Found a transporter.
 18138 | Gauntlet | Found a transporter.
 18138 | Gauntlet | Found a transporter.
 18197 | Gauntlet | Noticed a reaper
 18202 | Gauntlet | Found a transporter.
 18210 | Gauntlet | Found a transporter.
 18211 | Gauntlet | Found the +6 Majin-Bo {spellvamp, MP+6 Int+6}
 18216 | Gauntlet | Found a transporter.
 18224 | Gauntlet | Found a transporter.
 18245 | Gauntlet | Found a transporter.
 18254 | Gauntlet | Found a transporter.
 18272 | Gauntlet | Found a transporter.
 18294 | Gauntlet | Found a transporter.
 18340 | Gauntlet | Found a transporter.
 18342 | Gauntlet | Noticed a balrug
 18354 | Gauntlet | Found a transporter.
 18455 | Gauntlet | Found a transporter.
 18462 | Gauntlet | Noticed a great orb of eyes
 18473 | Gauntlet | Found a transporter.
 18798 | Gauntlet | Identified the ring of Voiry {rC+ Int+6}
 19530 | Gauntlet | HP: 2/114 [sun demon[an obsidian statue] (12)]
 19531 | Gauntlet | Slain by a sun demon

Illustrated notes

Levels and vault maps discovered:
D:1:      minmay_arrival_semitransparent, layout_loops_ring
D:2:      layout_rooms, basic_altar
D:3:      layout_rooms, grunt_temple_overflow_diamond,
          mainiacjoe_overflow_catwalk, serial_shops, shop, st_stairs_5,
          cheibrodos_gnoll_hut, uniq_robin
D:4:      layout_basic, okawaru_trees_1, enter_ossuary_5
D:5:      layout_basic, minmay_temple_entry_purple_smoke,
          kennysheep_another_room, nicolae_shop_i_like_big_books,
          uniq_crazy_yiuf_cottage
D:6:      layout_rooms, cheibrodos_sewer_entry_sluice,
          nicolae_shop_overcharged_wands
D:7:      cheibrodos_fzero, layout_basic, kennysheep_little_box,
          amcnicky_altar_lugonu_corruption, uniq_menkaure
D:8:      layout_loops_ring, gammafunk_temple_overflow_pools,
          dreamdust_gnoll_shepherd
D:9:      layout_basic, erik_lair_orcish_takeover, orc_0_dummy, enter_bailey_2,
          nicolae_figureground_pulse, uniq_pikel, uniq_harold
Lair:1:   layout_roguey
Lair:2:   layout_regular_city, minmay_swamp_entry_worms, dummy_snake_entry,
          patterned_corridor
Lair:3:   layout_cave_shapes, grunt_megastairs_3
Lair:4:   layout_cave_pods, serial_bayou_pond_e, roderic_batcave,
          serial_bayou_pond_c, beast_lair_carwin_3, lemuel_fruit_tree
Lair:5:   grunt_lair_end_beastmaster, layout_regular_city,
          nicolae_slime_entry_slimehenge, gauntlet_entry_generic, uniq_urug
Gauntlet: gammafunk_gauntlet_branching [gammafunk_gauntlet_arena_mazey,
          gammafunk_gauntlet_arena_split_diamond,
          nicolae_gauntlet_arena_flowing_pool, nicolae_gauntlet_swirl,
          gammafunk_gauntlet_arena_teeth, gammafunk_gauntlet_arena_arrow_garden,
          gammafunk_gauntlet_arena_spirals, gammafunk_gauntlet_arena_chambers,
          gauntlet_exit_hidden_loot]

Skill      XL: |  1  2  3  4  5  6  7  8  9 10 11 12 13 |
---------------+----------------------------------------+-----
Stealth        | 3 4 5 |  5.5
Translocations | 1 2 3 4 5 |  5.0
Conjurations   | 2 3 4 6 7 8 |  8.3
Spellcasting   | 3 4 6 7 9 10 12 | 12.5
Fire Magic     | 4 5 6 7 8 9 |  9.8
Fighting       | 1 2 |  2.7
Dodging        | 3 |  3.8
Short Blades   | 1 |  1.1
Invocations    | 3 4 5 6 7 |  7.0
Hexes          | 1 2 |  2.1
Shields        | 2 4 5 |  5.6
Summonings     | 1 3 4 |  4.0
Throwing       | |  0.9

Action                     |  1- 3 |  4- 6 |  7- 9 | 10-12 | 13-15 || total
---------------------------+-------+-------+-------+-------+-------++-------
  Melee: Dagger            |    19 |    39 |    25 |    29 |       ||   112
         Constrict         |     4 |    14 |     8 |     8 |     1 ||    35
         Tentacles         |     1 |     8 |     3 |     8 |     3 ||    23
         Punch             |       |       |     1 |     2 |     1 ||     4
         Staff             |       |       |       |     5 |       ||     5
         Bo                |       |       |       |       |    23 ||    23
  Throw: Dart              |       |       |       |     2 |     1 ||     3
   Cast: Foxfire           |    38 |    91 |   212 |   283 |    37 ||   661
         Scorch            |     3 |     8 |    26 |    95 |    20 ||   152
         Blink             |       |     1 |       |     7 |     1 ||     9
         Inner Flame       |       |     1 |     5 |    24 |     2 ||    32
         Flame Wave        |       |       |     4 |    71 |    11 ||    86
         Call Canine Famil |       |       |       |     5 |     1 ||     6
         Summon Ice Beast  |       |       |       |       |     4 ||     4
 Invoke: Channel Magic     |       |       |     1 |     8 |       ||     9
  Evoke: Lightning rod     |       |       |       |     2 |     1 ||     3
         Wand              |       |       |       |       |     1 ||     1
    Use: Potion            |       |       |     2 |    12 |    11 ||    25
         Scroll            |       |       |     1 |    24 |     1 ||    26
   Stab: Sleeping          |     5 |     2 |     2 |     3 |       ||    12
 Armour: Skin              |     1 |     4 |     2 |    12 |    16 ||    35
  Dodge: Dodged            |    15 |    47 |    33 |   107 |    13 ||   215
  Block: Other             |       |       |    23 |    31 |    13 ||    67
         Reflection        |       |       |     3 |     3 |       ||     6
         Buckler           |       |       |       |       |    17 ||    17

Table legend: (Time is in decaauts)
 A = Elapsed time spent in this place.
 B = Non-inter-level travel time spent in this place.
 C = Inter-level travel time spent in this place.
 D = Time resting spent in this place.
 E = Time spent auto-exploring this place.
 F = Levels seen in this place.
 G = Mean time per level.
                   A        B        C        D        E       F      G
               +--------+--------+--------+--------+--------+-----+--------+
         Total |  19487 |  19249 |    238 |   2209 |  12143 |  18 | 1082.6 |
       Dungeon |  10494 |  10326 |    168 |    918 |   6714 |   9 | 1166.0 |
          Lair |   5313 |   5243 |     70 |      0 |   4442 |   5 | 1062.6 |
         Sewer |    869 |    869 |      0 |     53 |    571 |   1 |  869.0 |
       Ossuary |     19 |     19 |      0 |      0 |      2 |   1 |   19.0 |
        Bailey |   1437 |   1437 |      0 |    822 |     21 |   1 | 1437.0 |
      Gauntlet |   1353 |   1353 |      0 |    416 |    393 |   1 | 1353.0 |
               +--------+--------+--------+--------+--------+-----+--------+

Top non-repeatable levels by time:
  Lair:3: 1774 daAuts
     D:7: 1757 daAuts
     D:8: 1573 daAuts
  Bailey: 1437 daAuts
     D:9: 1428 daAuts
     D:5: 1386 daAuts
  Lair:4: 1378 daAuts
Gauntlet: 1353 daAuts
  Lair:2: 1284 daAuts
     D:2: 1036 daAuts
     D:3: 878 daAuts
   Sewer: 869 daAuts
  Lair:1: 863 daAuts
     D:4: 830 daAuts
     D:6: 825 daAuts
